 Dungeon Crawl Stone Soup version 0.18.1-48-g4cf74bf (webtiles) character file.

15 MistressOfTheDunes the Insei (level 2, 0/24 HPs)
             Began as a Mummy Monk on July 16, 2016.
             Slain by an adder (4 damage)
             ... on level 2 of the Dungeon.
             The game lasted 00:02:01 (681 turns).

MistressOfTheDunes the Insei (Mummy Monk)            Turns: 681, Time: 00:02:02

Health: 0/24       AC:  1    Str: 14    XL:     2   Next: 34%
Magic:  2/2        EV: 13    Int:  9    God:
Gold:   54         SH:  0    Dex: 14    Spells: 0 memorised, 1 level left

rFire  x . .     SeeInvis .       - Unarmed
rCold  + . .     Gourm    .     (no armour)
rNeg   + + +     Faith    .     (no shield)
rPois  ∞         Spirit   .     (no helmet)
rElec  .         Dismiss  .     (no cloak)
rCorr  .         Reflect  .     (no gloves)
SustAt .         Harm     .     a - +0 pair of boots (curse)
MR     .....                    (no amulet)
Stlth  ++........               (no ring)
                                (no ring)

@: not resistant to hostile enchantments, unstealthy
A: no food or potions, fire vulnerability, cold resistance 1, negative energy
resistance 3, torment resistance, unbreathing
a: no special abilities


You were on level 2 of the Dungeon.
You were not hungry.

You visited 1 branch of the dungeon, and saw 2 of its levels.

You collected 54 gold pieces.


Innate Abilities, Weirdness & Mutations

You do not eat or drink.
Your flesh is vulnerable to fire.
You are immune to poison.
Your flesh is cold resistant.
You are immune to negative energy.
You are immune to unholy pain and torment.
You can survive without breathing.


   Skills:
 - Level 3.1 Fighting
 - Level 2.6 Dodging
 - Level 1.6 Stealth
 + Level 3.5 Unarmed Combat


You had one spell level left.
You didn't know any spells.

Inventory:

Armour
 a - a cursed +0 pair of boots (worn)
 c - a +0 large shield
Scrolls
 b - a scroll of fog {unknown}
 d - a scroll of identify {unknown}

Dungeon Overview and Level Annotations

Branches:
Dungeon (2/15)

Altars:

▒. +.. ▒..
▒.. ▒ ▒.▒
▒.▒
▒.▒▒▒▒...▒
▒..£.....▒
▒..MS....▒
▒.▒▒▒▒▒..▒
▒.<▒ ▒..▒
▒..▒ ▒..▒
▒..▒ ...▒
▒...


You could see an adder.


Message History

You are too injured to fight recklessly!!!
You are too injured to fight recklessly!!!
You are too injured to fight recklessly!!!
You are too injured to fight recklessly!!!
You are too injured to fight recklessly!!!
You are too injured to fight recklessly!!!
You are too injured to fight recklessly!!!
You are too injured to fight recklessly!!!
You are too injured to fight recklessly!!!
You are too injured to fight recklessly!!!
You are too injured to fight recklessly!!!
You are too injured to fight recklessly!!!
You closely miss the adder! The adder bites you! * * * don't die
* * * The adder closely misses you!
You squash the adder like an ant!
The adder is moderately wounded!
The adder closely misses you!
You pummel the adder like a punching bag!
The adder is severely wounded!
The adder bites you! * * * don't die
* * * You barely miss the adder!
The adder is severely wounded!
The adder bites you! * * * don't die
* * * You beat the adder into a bloody pulp!
The adder is almost dead!
The adder bites you! rip

Action                   || total
-------------------------++-------
Melee: Unarmed           ||    52
 Stab: Sleeping          ||     3
Armor: Skin              ||     8
       Robe              ||     1
Dodge: Dodged            ||    30

Vault maps used:
D:1:      nicolae_arrival_kraken_aquarium_a
D:2:      kennysheep_generic_room_10

Notes
Turn   | Place    | Note
--------------------------------------------------------------
     0 | D:1      | MistressOfTheDunes the Mummy Monk began the quest for the Orb.
     0 | D:1      | Reached XP level 1. HP: 18/18 MP: 1/1
     0 | D:1      | Noticed a formicid
     0 | D:1      | Noticed an octopode
     0 | D:1      | Noticed a draconian
     0 | D:1      | Noticed a minotaur
     0 | D:1      | Noticed a troll
     0 | D:1      | Noticed a formicid
     0 | D:1      | Noticed a kraken
     0 | D:1      | Noticed an elf
     0 | D:1      | Noticed a troll
     0 | D:1      | Noticed a gargoyle
     0 | D:1      | Noticed a formicid
     1 | D:1      | Infinite ogres of XP wasted
     4 | D:1      | Killed a formicid
     5 | D:1      | Killed a gargoyle
     5 | D:1      | Killed a troll
     6 | D:1      | Killed an octopode
     8 | D:1      | Killed a formicid
     8 | D:1      | Killed a draconian
    10 | D:1      | Killed a troll
    11 | D:1      | Killed a formicid
    11 | D:1      | Killed an elf
    12 | D:1      | Killed a minotaur
   200 | D:1      | Reached XP level 2. HP: 11/24 MP: 2/2
   681 | D:2      | Slain by an adder

Vanquished Creatures
  6 bats (D:1)
  2 goblins (D:1)
  2 kobolds (D:1)
  2 giant newts (D:1)
  3 rats
15 creatures vanquished.

Vanquished Creatures (others)
  A minotaur (D:1)
  A draconian (D:1)
  An octopode (D:1)
  A gargoyle (D:1)
  An elf (D:1)
  2 trolls (D:1)
  3 formicids (D:1)
  2 orcs (D:1)
  4 tentacles (D:1)
  46 tentacle segments (D:1)
62 creatures vanquished.

Grand Total: 77 creatures vanquished
